SAL
SOUTHERN DIVISION ALL-STARS @ NORTHERN DIVISION ALL-STARS
06/23/2099
 
TOP OF THE 1ST
Southern Division All-Stars batting - Pitching for Northern Division All-Stars : RHP Aaron Wells
Pitching: RHP Aaron Wells
Batting: RHB Jesse Grow 0-0: Called Strike
0-1: Ball
1-1: Swinging Strike
1-2: SINGLE (Line Drive, 5D, EV 93.8 MPH)
Batting: RHB Matt Bobrick 0-0: Called Strike
0-1: Foul Ball, location: 5F
0-2: Strikes out swinging
Batting: RHB Chad Ammerman 0-0: Ball
1-0: Ball
2-0: Foul Ball, location: 23F
2-1: Called Strike
2-2: Ball
3-2: Foul Ball, location: 2F
3-2: Fielders Choice at 2nd, 5-4 (Groundball, 5L, EV 103.8 MPH)
Batting: RHB Joe Dahl 0-0: Foul Ball, location: 9LMF
0-1: Foul Ball, location: 9LMF
0-2: Ball
1-2: Strikes out swinging
Top of the 1st over - 0 runs, 1 hit, 0 errors, 1 left on base; Southern Division 0 - Northern Division 0
BOTTOM OF THE 1ST
Northern Division All-Stars batting - Pitching for Southern Division All-Stars : RHP Nick Laramie
Pitching: RHP Nick Laramie
Batting: RHB Brian Baumbach 0-0: Called Strike
0-1: Swinging Strike
0-2: Ball
1-2: Fly out, F8 (Flyball, 89D, EV 103.1 MPH)
Batting: RHB Kevin Pring 0-0: Ball
1-0: SINGLE (Groundball, 5S, EV 80.6 MPH)
Batting: RHB Jonathan Rojas 0-0: Ball
1-0: Ball
2-0: Ball
3-0: Base on Balls
Kevin Pring to second
Batting: RHB Sean McFadden 0-0: Foul Ball, location: 2F
0-1: Foul Ball, location: 2F
0-2: Grounds into double play, 4-6-3 (Groundball, 4, EV 83.1 MPH)
Bottom of the 1st over - 0 runs, 1 hit, 0 errors, 1 left on base; Southern Division 0 - Northern Division 0
TOP OF THE 2ND
Southern Division All-Stars batting - Pitching for Northern Division All-Stars : RHP Aaron Wells
Pitching: RHP D.J. Rost
Batting: RHB Steve Sax 0-0: Hit by Pitch
Batting: SHB Sergio Soltero 0-0: Ball
1-0: Ball
2-0: Ball
3-0: Base on Balls
Steve Sax to second
Batting: RHB Chris Barley 0-0: Ball
1-0: Ball
2-0: Called Strike
2-1: Fly out, F4 (Popup, 34, EV 56.3 MPH)
Batting: SHB Kyle Montgomery 0-0: Ball
1-0: Swinging Strike
1-1: Ball
2-1: Ball
3-1: Swinging Strike
3-2: Fly out, F8 (Flyball, 8RM, EV 87.5 MPH)
Batting: RHB Dave Candia 0-0: SINGLE (Groundball, 5D, EV 107.5 MPH)
Steve Sax to third
Sergio Soltero to second
Runner from 3rd tries for Home, SAFE, throw by LF to home
Batting: RHB Jesse Grow 0-0: Ball
1-0: Called Strike
1-1: SINGLE (Line Drive, 5D, EV 96.3 MPH)
Sergio Soltero to third
Dave Candia to second
Runner from 3rd tries for Home, SAFE, throw by LF to home
Batting: RHB Matt Bobrick 0-0: Called Strike
0-1: Ball
1-1: Hit by Pitch
Dave Candia to third
Jesse Grow to second
Batting: RHB Chad Ammerman 0-0: Called Strike
0-1: Foul Ball, location: 9LSF
0-2: Ball
1-2: Ball
2-2: Foul Ball, location: 2F
2-2: Fly out, F2 (Popup, 2RF, EV 90.6 MPH)
Top of the 2nd over - 2 runs, 2 hits, 0 errors, 3 left on base; Southern Division 2 - Northern Division 0
BOTTOM OF THE 2ND
Northern Division All-Stars batting - Pitching for Southern Division All-Stars : RHP Nick Laramie
Pitching: RHP Justin Richardson
Batting: RHB Gaige Spicer 0-0: Called Strike
0-1: Ball
1-1: Called Strike
1-2: Foul Ball, location: 9LMF
1-2: Strikes out looking
Batting: LHB John McBride 0-0: Foul Ball, location: 2F
0-1: Ball
1-1: Ball
2-1: Ground out U3 (Groundball, 34, EV 81.3 MPH)
Batting: RHB Jesse Rhodes 0-0: Ball
1-0: Foul Ball, location: 2F
1-1: Ball
2-1: Called Strike
2-2: Ball
3-2: Fly out, F8 (Flyball, 89M, EV 95.6 MPH)
Bottom of the 2nd over - 0 runs, 0 hits, 0 errors, 0 left on base; Southern Division 2 - Northern Division 0
TOP OF THE 3RD
Southern Division All-Stars batting - Pitching for Northern Division All-Stars : RHP D.J. Rost
Pitching: LHP Jake Conti
Batting: RHB Joe Dahl 0-0: Ball
1-0: Called Strike
1-1: Foul Ball, location: 2F
1-2: Ball
2-2: Foul Ball, location: 25FF
2-2: Strikes out swinging
Batting: RHB Steve Sax 0-0: Ball
1-0: Ball
2-0: Ball
3-0: Called Strike
3-1: Base on Balls
Batting: SHB Sergio Soltero 0-0: Ball
1-0: Grounds into double play, 5-4-3 (Groundball, 56, EV 83.1 MPH)
Top of the 3rd over - 0 runs, 0 hits, 0 errors, 0 left on base; Southern Division 2 - Northern Division 0
BOTTOM OF THE 3RD
Northern Division All-Stars batting - Pitching for Southern Division All-Stars : RHP Justin Richardson
Pitching: RHP Matt Heidt
Batting: RHB Robert Valeriano 0-0: Ball
1-0: Ground out 5-3 (Groundball, 56S, EV 80.6 MPH)
Batting: RHB Jim Unknown 0-0: Ball
1-0: Foul Ball, location: 2F
1-1: Fly out, F4 (Popup, 4MD, EV 60.6 MPH)
Batting: RHB Brian Baumbach 0-0: Foul Ball, location: 5F
0-1: Ground out 5-3 (Groundball, 56, EV 80.0 MPH)
Bottom of the 3rd over - 0 runs, 0 hits, 0 errors, 0 left on base; Southern Division 2 - Northern Division 0
TOP OF THE 4TH
Southern Division All-Stars batting - Pitching for Northern Division All-Stars : LHP Jake Conti
Pitching: LHP Roberto Pena
Batting: RHB Chris Barley 0-0: Ball
1-0: Ball
2-0: Ball
3-0: Base on Balls
Batting: SHB Kyle Montgomery 0-0: Swinging Strike
0-1: Ball
Wild Pitch!
Chris Barley to second
1-1: Swinging Strike
1-2: Ball
2-2: Strikes out swinging
Batting: RHB Dave Candia 0-0: Ball
1-0: Ball
2-0: Called Strike
2-1: Called Strike
2-2: Ball
3-2: Foul Ball, location: 2F
3-2: Base on Balls
Pinch Hitting: RHB Bill Krueger 0-0: Called Strike
0-1: Swinging Strike
0-2: Strikes out swinging
Batting: RHB Matt Bobrick 0-0: Ball
1-0: Ball
2-0: Foul Ball, location: 2F
2-1: Swinging Strike
2-2: Ball
3-2: Ground out U3 (Groundball, 3, EV 109.4 MPH)
Top of the 4th over - 0 runs, 0 hits, 0 errors, 2 left on base; Southern Division 2 - Northern Division 0
BOTTOM OF THE 4TH
Northern Division All-Stars batting - Pitching for Southern Division All-Stars : RHP Matt Heidt
Pitching: RHP Barry Campbell
Now at 2B: Bill Krueger
Now at 3B: Sergio Soltero
Batting: RHB Kevin Pring 0-0: Ball
1-0: Ball
2-0: Foul Ball, location: 25FF
2-1: Swinging Strike
2-2: Ball
3-2: Strikes out swinging
Batting: RHB Jonathan Rojas 0-0: SINGLE (Groundball, 6MD, EV 96.3 MPH)
Batting: RHB Sean McFadden 0-0: Ball
1-0: SINGLE (Groundball, 34D, EV 99.4 MPH)
Jonathan Rojas to second
Runner from 2nd tries for 3rd, SAFE, no throw by RF
Batting: RHB Gaige Spicer 0-0: Called Strike
0-1: Ball
1-1: Swinging Strike
1-2: Strikes out looking
Batting: LHB John McBride 0-0: Swinging Strike
0-1: Ball
1-1: Ball
2-1: Ball
3-1: Called Strike
3-2: Foul Ball, location: 3F
3-2: Foul Ball, location: 23FF
3-2: Fly out, F5 (Popup, 56S, EV 71.3 MPH)
Bottom of the 4th over - 0 runs, 2 hits, 0 errors, 2 left on base; Southern Division 2 - Northern Division 0
TOP OF THE 5TH
Southern Division All-Stars batting - Pitching for Northern Division All-Stars : LHP Roberto Pena
Pitching: RHP Doug Walker
Batting: RHB Chad Ammerman 0-0: Called Strike
0-1: Ball
1-1: Called Strike
1-2: Strikes out swinging
Batting: RHB Joe Dahl 0-0: Called Strike
0-1: Foul Ball, location: 2F
0-2: Ball
1-2: Foul Ball, location: 2RF
1-2: Ball
2-2: Strikes out swinging
Batting: RHB Steve Sax 0-0: Ball
1-0: SINGLE (Groundball, 34D, EV 97.5 MPH)
Pinch Hitting: RHB Frank Kravitz 0-0: Ball
1-0: Ball
2-0: Ball
3-0: Called Strike
3-1: Called Strike
3-2: SINGLE (Line Drive, 7S, EV 92.5 MPH)
Steve Sax to second
Steve Sax to third
Batting: RHB Chris Barley 0-0: SINGLE (Groundball, 34, EV 96.3 MPH)
Steve Sax scores
Frank Kravitz to second
Runner from 2nd tries for 3rd, SAFE, no throw by RF
Batting: SHB Kyle Montgomery 0-0: Fly out, F8 (Flyball, 8RD, EV 94.4 MPH)
Top of the 5th over - 1 run, 3 hits, 0 errors, 2 left on base; Southern Division 3 - Northern Division 0
BOTTOM OF THE 5TH
Northern Division All-Stars batting - Pitching for Southern Division All-Stars : RHP Barry Campbell
Pitching: RHP Danny Kendall
Now at 3B: Kevin Gricus
Batting: RHB Jesse Rhodes 0-0: Swinging Strike
0-1: Fly out, F8 (Flyball, 8LD, EV 97.5 MPH)
Batting: RHB Robert Valeriano 0-0: Foul Ball, location: 2F
0-1: Hit by Pitch
Batting: RHB Jim Unknown 0-0: Ball
1-0: Ball
2-0: Called Strike
Robert Valeriano steals 2nd base
2-1: Ball
Wild Pitch!
Robert Valeriano to third
3-1: Foul Ball, location: 2F
3-2: Strikes out swinging
Batting: RHB Brian Baumbach 0-0: Called Strike
0-1: Called Strike
0-2: Ground out 6-3 (Groundball, 6MD, EV 95.6 MPH)
Bottom of the 5th over - 0 runs, 0 hits, 0 errors, 1 left on base; Southern Division 3 - Northern Division 0
TOP OF THE 6TH
Southern Division All-Stars batting - Pitching for Northern Division All-Stars : RHP Doug Walker
Pitching: RHP Phil Stokes
Batting: RHB Dave Candia 0-0: Ball
1-0: Swinging Strike
1-1: Ball
2-1: Ball
3-1: Foul Ball, location: 2F
3-2: Foul Ball, location: 7LMFF
3-2: Foul Ball, location: 9LSF
3-2: SINGLE (Line Drive, 7S, EV 106.3 MPH)
Batting: RHB Bill Krueger 0-0: Fly out, F7 (Flyball, 7LSF, EV 90.6 MPH)
Pinch Hitting: LHB Lee Nunez 0-0: Called Strike
0-1: Grounds into double play, 6-4-3 (Groundball, 6, EV 88.1 MPH)
Top of the 6th over - 0 runs, 1 hit, 0 errors, 0 left on base; Southern Division 3 - Northern Division 0
BOTTOM OF THE 6TH
Northern Division All-Stars batting - Pitching for Southern Division All-Stars : RHP Danny Kendall
Pitching: RHP Travis Slusser
Now in CF: Lee Nunez
Batting: RHB Kevin Pring 0-0: Swinging Strike
0-1: Ball
1-1: Fly out, F4 (Popup, 34S, EV 78.1 MPH)
Pinch Hitting: LHB Chris Liesse 0-0: Called Strike
0-1: Called Strike
0-2: Fly out, F8 (Flyball, 78M, EV 93.1 MPH)
Batting: RHB Sean McFadden 0-0: Called Strike
0-1: Ball
1-1: Called Strike
1-2: Strikes out swinging
Bottom of the 6th over - 0 runs, 0 hits, 0 errors, 0 left on base; Southern Division 3 - Northern Division 0
TOP OF THE 7TH
Southern Division All-Stars batting - Pitching for Northern Division All-Stars : RHP Phil Stokes
Pitching: RHP Kyle Antonoff
Now at C: Chris Liesse
Batting: RHB Chad Ammerman 0-0: Ball
1-0: Ball
2-0: Ball
3-0: Called Strike
3-1: Called Strike
3-2: Base on Balls
Batting: RHB Joe Dahl 0-0: Called Strike
0-1: Ball
Wild Pitch!
Chad Ammerman to second
1-1: Ball
2-1: Foul Ball, location: 3F
2-2: Foul Ball, location: 2F
2-2: Strikes out looking
Pinch Hitting: LHB Justin Bartholomew 0-0: Ball
1-0: Called Strike
1-1: Swinging Strike
1-2: Ground out 6-3 (Groundball, 6, EV 98.1 MPH)
Chad Ammerman to third
Batting: RHB Kevin Gricus 0-0: Called Strike
0-1: Called Strike
0-2: Ball
1-2: Ball
2-2: Fly out, F3 (Popup, 3L, EV 75.0 MPH)
Top of the 7th over - 0 runs, 0 hits, 0 errors, 1 left on base; Southern Division 3 - Northern Division 0
BOTTOM OF THE 7TH
Northern Division All-Stars batting - Pitching for Southern Division All-Stars : RHP Travis Slusser
Pitching: RHP Gary Chancey
Now at C: Justin Bartholomew
Batting: RHB Gaige Spicer 0-0: Ground out 4-3 (Groundball, 4S, EV 81.9 MPH)
Batting: LHB John McBride 0-0: Called Strike
0-1: Ball
1-1: Ball
2-1: Fly out, F8 (Flyball, 8LD, EV 93.1 MPH)
Pinch Hitting: RHB John Parker 0-0: Ball
1-0: SINGLE (Groundball, 56D, EV 99.4 MPH)
Batting: RHB Robert Valeriano 0-0: Called Strike
0-1: Ball
1-1: Called Strike
1-2: Fielders Choice at 2nd, 6-4 (Groundball, 6, EV 79.4 MPH)
Bottom of the 7th over - 0 runs, 1 hit, 0 errors, 1 left on base; Southern Division 3 - Northern Division 0
TOP OF THE 8TH
Southern Division All-Stars batting - Pitching for Northern Division All-Stars : RHP Kyle Antonoff
Pitching: RHP Eddie Keller
Now in LF: John Parker
Batting: RHB Chris Barley 0-0: Ball
1-0: Foul Ball, location: 3FF
1-1: Ball
2-1: Foul Ball, location: 9LMFF
2-2: Foul Ball, location: 5FF
2-2: Foul Ball, location: 2F
2-2: Strikes out swinging
Batting: SHB Kyle Montgomery 0-0: Ball
1-0: Called Strike
1-1: Ball
2-1: Foul Ball, location: 23FF
2-2: Strikes out swinging
Batting: RHB Dave Candia 0-0: Called Strike
0-1: Called Strike
0-2: Strikes out looking
Top of the 8th over - 0 runs, 0 hits, 0 errors, 0 left on base; Southern Division 3 - Northern Division 0
BOTTOM OF THE 8TH
Northern Division All-Stars batting - Pitching for Southern Division All-Stars : RHP Gary Chancey
Pitching: LHP Matt Burgos
Batting: RHB Jim Unknown 0-0: Ball
1-0: Foul Ball, location: 9LDF
1-1: Called Strike
1-2: Foul Ball, location: 2F
1-2: Strikes out looking
Pinch Hitting: RHB Zach Miles 0-0: DOUBLE (Flyball, 89D, EV 98.1 MPH)
Pinch Hitting: RHB Ryan Tomlinson 0-0: Ball
1-0: Foul Ball, location: 5DF
1-1: Swinging Strike
1-2: Foul Ball, location: 3FF
1-2: Ball
2-2: Ball
3-2: Foul Ball, location: 7LDF
3-2: Strikes out swinging
Pinch Hitting: SHB Rodrigo Ruiz 0-0: Called Strike
0-1: Ball
1-1: Ball
2-1: Called Strike
2-2: Strikes out swinging
Bottom of the 8th over - 0 runs, 1 hit, 0 errors, 1 left on base; Southern Division 3 - Northern Division 0
TOP OF THE 9TH
Southern Division All-Stars batting - Pitching for Northern Division All-Stars : RHP Eddie Keller
Now at C: Justin Beck
Now at 3B: Ryan Tomlinson
Now at SS: Robert Valeriano
Now in CF: Jose Calderon
Batting: RHB Bill Krueger 0-0: Swinging Strike
0-1: Ball
1-1: Ground out 6-3 (Groundball, 6, EV 78.8 MPH)
Batting: LHB Lee Nunez 0-0: Foul Ball, location: 5DF
0-1: Ball
1-1: Ball
2-1: Foul Ball, location: 2F
2-2: Strikes out swinging
Batting: RHB Chad Ammerman 0-0: Called Strike
0-1: Swinging Strike
0-2: Strikes out swinging
Top of the 9th over - 0 runs, 0 hits, 0 errors, 0 left on base; Southern Division 3 - Northern Division 0
BOTTOM OF THE 9TH
Northern Division All-Stars batting - Pitching for Southern Division All-Stars : LHP Matt Burgos
Pitching: RHP Josh Roper
Pinch Hitting: LHB Brad Allen 0-0: Called Strike
0-1: Called Strike
0-2: Foul Ball, location: 2F
0-2: Ball
1-2: Ground out 4-3 (Groundball, 4, EV 80.6 MPH)
Pinch Hitting: RHB Joe Cooper 0-0: Foul Ball, location: 9LDF
0-1: Foul Ball, location: 2F
0-2: Strikes out swinging
Pinch Hitting: RHB Tony Ayala 0-0: SINGLE (Groundball, 4MD, EV 103.1 MPH)
Batting: RHB John Parker 0-0: Ground out 4-3 (Groundball, 34D, EV 100.0 MPH)
Bottom of the 9th over - 0 runs, 1 hit, 0 errors, 1 left on base; Southern Division 3 - Northern Division 0
Thursday, May 9th , 2024 - OOTP Baseball 24.11 Build 85